Description

same thing but w/times

VOD

https://www.youtube.com/watch?v=XNJsz7gnB54

Build Order

Get SALT Encoding   

  14  0:25  Supply Depot  
  15  0:29  Refinery  
  16  0:45  Barracks  
  17  0:57  Refinery  
  19  1:33  Reaper, Orbital Command  
  20  1:37  Factory  
  20  1:46  Supply Depot  
  24  2:21  Starport  (Swap Starport with Factory when Starport finishes)
  24  2:23  Factory Tech Lab  
  25  2:30  Supply Depot  
  29  2:47  Widow Mine  (Place this either at the ramp or behind a gas)
  34  3:05  Banshee, Cloaking Field  
  35  3:09  Supply Depot  
  36  3:17  Factory Reactor  
  39  3:48  Raven  (Make marines until raven finishes)
  39  3:40  Command Center  (Don't lose the Raven)
  42  4:02  Factory Tech Lab  (Make Techlab where Barracks was and land Rax on reactor)
  42  4:05  Supply Depot  
  42  4:12  Marine x2  (stop marines once raven finishes, swap w/starport after viking)
  43  4:21  Siege Tank  Start 3rd CC on location and from here on out just maintain the viking advantage and slowly push with tanks
  48  4:31  Viking  
  56  5:07  Medivac x2  
  60  5:09  Stimpack  
  70  5:44  Command Center  
Spawning Tool Build Advisor. Get it on Overwolf

Go to:

Details

  • Created by: venipenny
  • Published on: Dec 15, 2016
  • Modified on: Nov 20, 2017
  • Patch: 3.8.0
Show
View Real Time Build Order
Export as new Build Order

Comments (1)

On Dec. 16, 2016, 7:43 a.m., Ryu  said:

CC drops at 39 supply and at 3:40
also third cc is dropped ideally around 5:56-6:00 Not a major detail but making sure you hit INnoVation's crisps timing was the ideal point of the build none the less its good to see a timed out version :)

Create an account to comment!